 Dungeon Crawl Stone Soup version 0.31-a0-851-g7ff8af7976 (webtiles) character file.

Game seed: 4288636579687428220

8164 Dirtsage the Martial Artist (level 11, -2/78 HPs)
             Began as an Octopode Shapeshifter on Oct 7, 2023.
             Was a Priest of Wu Jian.
             Slain by a troll (3 damage)
             ... on level 9 of the Dungeon.
             The game lasted 00:16:50 (10360 turns).

Dirtsage the Martial Artist (OpSh)                 Turns: 10360, Time: 00:16:50

Health: -2/78      AC:  1    Str: 13    XL:     11   Next: 26%
Magic:  11/11      EV: 18    Int: 13    God:    Wu Jian [***...]
Gold:   454        SH:  5    Dex: 16    Spells: 10/10 levels left

rFire   . .          .
                       - Unarmed
rCold   . . .        (no shield)
rNeg    . . .        (helmet currently unavailable)
rPois   .            v - amulet of reflection
rElec   .            d - +5 ring of evasion
rCorr   .            (no ring)
SInv    .            (no ring)
Will    .....        (no ring)
Stlth   ++           (no ring)
HPRegen 0.33/turn    (no ring)
MPRegen 0.12/turn    (no ring)
                     (no ring)

%: reflection
@: beast-form, studying Throwing
A: beast (slay +4), almost no armour, amphibious, 8 rings, camouflage 1,
gelatinous body 1, (nimble swimmer 1), tentacles
a: Begin Untransformation, Renounce Religion, Wall Jump, Serpent's Lash


You were on level 9 of the Dungeon.
You worshipped Wu Jian.
Wu Jian was most pleased with you.
You were a hulking beast.
You visited 2 branches of the dungeon, and saw 10 of its levels.
You also visited: Ossuary.

You collected 519 gold pieces.
You spent 65 gold pieces at shops.

Inventory:

Missiles
 F - a curare-tipped dart
Magical Staves
 s - a staff of death
Jewellery
 d - a +5 ring of evasion (left tentacle)
 j - a ring of ice
 v - an amulet of reflection (around mantle)
 E - a ring of ice
 M - an amulet of the acrobat
Talismans
 b - a beast talisman (active)
 c - a flux talisman
 B - a beast talisman (active)
 I - a maw talisman
Wands
 k - a wand of flame (87)
 D - a wand of digging (5)
 L - a wand of mindburst (36)
 N - a wand of light (11)
Scrolls
 a - 2 scrolls of noise
 e - a scroll of enchant weapon {unknown}
 g - a scroll of blinking {unknown}
 i - 3 scrolls of identify
 m - 6 scrolls of poison
 q - 5 scrolls of fog
 r - 2 scrolls of immolation
 t - 3 scrolls of teleportation
 u - a scroll of fear {unknown}
 y - 2 scrolls of enchant armour {unknown}
 z - 2 scrolls of revelation
 C - a scroll of vulnerability {unknown}
 G - a scroll of amnesia {unknown}
 H - a scroll of butterflies {unknown}
Potions
 f - 5 potions of enlightenment
 h - a potion of experience {unknown}
 l - 4 potions of heal wounds
 n - 4 potions of brilliance {unknown}
 o - 3 potions of haste {unknown}
 p - a potion of magic {unknown}
 w - 2 potions of attraction {unknown}
 x - a potion of resistance {unknown}
 A - 2 potions of mutation {unknown}
 J - a potion of ambrosia
 K - 3 potions of curing {unknown}
 O - a potion of might {unknown}
 P - a potion of lignification
 Q - a potion of degeneration {unknown}


   Skills:
 + Level 8.7 Fighting
 - Level 2.0 Dodging
 * Level 12.5 Unarmed Combat
 + Level 8.5 Shapeshifting


You had 10 spell levels left.
You didn't know any spells.
Your spell library contained the following spells:

 Spells                   Type           Power      Damage    Failure   Level
 Freeze                   Ice            0%         1d3       30%         1
 Blink                    Tloc           0%         N/A       43%         2
 Ensorcelled Hibernation  Hex/Ice        0%         N/A       43%         2
 Lesser Beckoning         Tloc           0%         N/A       43%         2
 Momentum Strike          Conj/Tloc      0%         3d8       43%         2
 Passwall                 Tmut/Erth      0%         N/A       43%         2
 Dazzling Flash           Conj/Hex       0%         N/A       67%         3
 Frozen Ramparts          Ice            0%         1d1       67%         3
 Hailstorm                Conj/Ice       0%         3d3       67%         3
 Swiftness                Air            0%         N/A       67%         3
 Volatile Blastmotes      Fire/Tloc      0%         2d10      67%         3
 Starburst                Conj/Fire      0%         6d3       100%        6
 Maxwell's Capacitive Co  Air            0%         ∞         100%        8


Dungeon Overview and Level Annotations

Branches:
Dungeon (9/15)             Temple (1/1) D:5            Lair (0/5) D:8
Ossuary (visited)
    Orc: D:9-12

Altars:
Ashenzari
Cheibriados
Dithmenos
Elyvilon
Fedhas
Gozag
Hepliaklqana
Kikubaaqudgha
Makhleb
Nemelex Xobeh
Okawaru
Qazlal
Ru
Sif Muna
Trog
Uskayaw
Vehumet
Wu Jian
Xom
Yredelemnul
The Shining One

Shops:
D:2 *   D:6 [

Annotations:
D:3 1 runed translucent door, exclusion: door, Crazy Yiuf
D:6 2 transporters, Reshi88's ghost, novice SpEn


Innate Abilities, Weirdness & Mutations

You are a hulking beast.
Your limbs bulge with bestial killing power. (Slay +4)
You cannot wear most types of armour.
You are amphibious.
You can wear up to eight rings at the same time.
Your skin changes colour to match your surroundings (Stealth+).
Your rubbery body absorbs attacks. (AC +1, EV +1)
((You are camouflaged when in or above water. (Stealth+)))
You have tentacles for arms and can constrict up to eight enemies at once.


Message History

You take 9 damage, and have 61/78 hp.
You batter the slime creature!!
You kill the slime creature!
The Council accepts your kill.
k - a wand of flame (87) (gained 10 charges)
There is a stone staircase leading down here.
You now have 454 gold pieces (gained 10).
You see here a +0 robe.
There is a stone staircase leading down here.
A troll comes into view.
Health restored: 78 The troll shouts!
You bludgeon the troll!
The troll is moderately wounded.
The troll bites you. The troll claws you! x2
You take 29 damage, and have 49/78 hp.
MASSIVE DAMAGE!!
You closely miss the troll.
The troll is moderately wounded.
The troll closely misses you. The troll claws you. The troll barely misses you.
You take 4 damage, and have 45/78 hp.
You bludgeon the troll!
The troll is heavily wounded.
You completely miss the troll. Your squeeze misses the troll.
The troll is heavily wounded.
The troll barely misses you. The troll completely misses you.
The troll claws you!
You take 14 damage, and have 31/78 hp.
You tentacle-slap the troll.
The troll is severely wounded.
The troll bites you!!
* * * LOW HITPOINT WARNING * * *
You block the troll's attack. The troll closely misses you.
You take 17 damage, and have 14/78 hp.
MASSIVE DAMAGE!!
You barely miss the troll. You tentacle-slap the troll.
Your squeeze misses the troll.
The troll is severely wounded.
The troll bites you!
* * * LOW HITPOINT WARNING * * *
You block the troll's attack. The troll claws you.
You die...

.......############
.....>............#
.......##########.#
#####.## #.#
#####.# #.# ...##.#
## #.# ...##.#
##..####.#
...##.####8...⌠.⌠.#
........##.)...Th.#
...##.#.##8...⌠.⌠.#
......#.###..####.#
...#.....#### #.#
............# ###
............#
........#####
........# ........#


You could see a troll.

Vanquished Creatures
  A two-headed ogre (D:9)
  Pikel (D:7)
  A cyclops (D:8)
  A troll (D:9)
  Grinder (D:3)
  A slime creature (D:9)
  3 wyverns
  Sigmund (D:2)
  A shadow (D:9)
  A wraith (D:9)
  A yak (D:8)
  Menkaure (D:7)
  A steam dragon (D:6)
  5 water moccasins
  Duvessa (D:4)
  2 ice beasts
  2 orc warriors (D:8)
  3 black bears (D:8)
  A lemure (D:7)
  3 ogres
  A centaur (D:6)
  2 phantoms
  An elf zombie (Ossuary)
  A kobold brigand (D:6)
  A scorpion (D:8)
  A wyvern zombie (D:6)
  4 bullfrogs
  A wyvern skeleton (D:6)
  Dowan (D:4)
  3 water moccasin skeletons (D:6)
  A water moccasin zombie (D:6)
  13 wights
  3 howler monkeys (D:9)
  3 bullfrog zombies (D:6)
  6 centaur zombies
  A hound (D:6)
  2 human zombies (Ossuary)
  A jelly (D:4)
  3 bullfrog skeletons (D:6)
  A gnoll bouda (D:6)
  3 orc priests
  7 iguanas
  2 sleepcaps
  Jessica (D:2)
  2 centaur skeletons (D:6)
  Ijyb (D:3)
  7 orc wizards
  Natasha (thrice) (D:2)
  2 hound zombies (Ossuary)
  3 mummies (Ossuary)
  A howler monkey zombie (D:6)
  8 gnolls
  7 adders
  2 white imps
  An ufetubus (D:6)
  4 adder zombies (Ossuary)
  A dart slug (D:5)
  29 orcs
  6 ball pythons
  5 bats
  4 endoplasms
  4 giant cockroaches
  A gnoll zombie (Ossuary)
  5 goblins
  11 hobgoblins
  15 kobolds
  3 quokkas
  4 frilled lizards
  6 goblin zombies (Ossuary)
  4 hobgoblin zombies (Ossuary)
  4 jackal zombies (Ossuary)
  2 kobold zombies (Ossuary)
  2 quokka zombies (Ossuary)
  3 rats
  4 rat zombies (Ossuary)
249 creatures vanquished.

Vanquished Creatures (others)
  An orc (D:6)
1 creature vanquished.

Grand Total: 250 creatures vanquished

Notes
Turn   | Place    | Note
-------+----------+-------------------------------------------
     0 | D:1      | Dirtsage the Octopode Shapeshifter began the quest for the
                  | Orb.
     0 | D:1      | Reached XP level 1. HP: 13/13 MP: 1/1
    76 | D:1      | Reached XP level 2. HP: 15/18 MP: 2/2
   447 | D:1      | Reached XP level 3. HP: 23/23 MP: 3/3
  1020 | D:2      | Reached XP level 4. HP: 29/29 MP: 4/4
  1028 | D:2      | Found Edyedwar's General Store.
  1034 | D:2      | Bought a scroll of teleportation for 39 gold pieces
  1034 | D:2      | Bought a scroll of identify for 26 gold pieces
  1070 | D:2      | Reached skill level 4 in Unarmed Combat
  1138 | D:2      | Noticed Jessica
  1144 | D:2      | Killed Jessica
  1263 | D:2      | Noticed Natasha
  1267 | D:2      | Killed Natasha
  1296 | D:2      | Noticed Natasha
  1300 | D:2      | Killed Natasha
  1301 | D:2      | Reached XP level 5. HP: 25/35 MP: 5/5
  1403 | D:2      | Noticed Sigmund
  1600 | D:3      | Found a runed translucent door.
  1601 | D:3      | Noticed Crazy Yiuf
  1684 | D:3      | Found a faded altar of an unknown god.
  1684 | D:3      | Noticed a black bear
  1737 | D:3      | Noticed Ijyb
  1740 | D:3      | Noticed an ogre
  1749 | D:3      | Killed Ijyb
  1752 | D:3      | Killed an ogre
  1753 | D:3      | Reached skill level 5 in Unarmed Combat
  1753 | D:3      | Reached XP level 6. HP: 42/42 MP: 6/6
  2057 | D:3      | Noticed Grinder
  2058 | D:3      | Paralysed by Grinder for 5 turns
  2068 | D:3      | Killed Grinder
  2069 | D:3      | Reached XP level 7. HP: 46/46 MP: 7/7
  2561 | D:2      | Killed Sigmund
  2562 | D:2      | Reached skill level 6 in Unarmed Combat
  2607 | D:2      | Noticed Natasha
  2612 | D:2      | Killed Natasha
  2988 | D:4      | Reached XP level 8. HP: 45/54 MP: 8/8
  3029 | D:4      | Noticed Dowan
  3030 | D:4      | Noticed Duvessa
  3034 | D:4      | Reached skill level 5 in Shapeshifting
  3065 | D:4      | Killed Duvessa
  3066 | D:4      | Reached skill level 7 in Unarmed Combat
  3069 | D:4      | Killed Dowan
  3666 | D:4      | Reached skill level 5 in Fighting
  4494 | D:5      | Entered Level 5 of the Dungeon
  4561 | D:5      | Found a sacrificial altar of Ru.
  4627 | D:5      | Reached skill level 8 in Unarmed Combat
  4640 | D:5      | Found a shimmering blue altar of Sif Muna.
  4666 | D:5      | Found an iron altar of Okawaru.
  5029 | D:5      | Found a staircase to the Ecumenical Temple.
  5042 | Temple   | Entered the Ecumenical Temple
  5074 | Temple   | Became a worshipper of the Wu Jian Council
  5130 | D:5      | Reached XP level 9. HP: 61/61 MP: 9/9
  5499 | D:6      | Found Joaw Pimm's Armour Shoppe.
  5572 | D:6      | Found a sand-covered staircase.
  5608 | D:6      | Reached skill level 9 in Unarmed Combat
  5617 | D:6      | Reached * piety under Wu Jian
  5641 | Ossuary  | Entered an ossuary
  6023 | Ossuary  | Reached ** piety under Wu Jian
  6538 | D:6      | Noticed Reshi88's ghost (novice SpEn)
  6547 | D:6      | Found a transporter.
  6552 | D:6      | Found a transporter.
  6554 | D:6      | Noticed a queen bee
  6591 | D:6      | Reached skill level 10 in Unarmed Combat
  7182 | D:7      | Noticed Menkaure
  7189 | D:7      | Killed Menkaure
  7190 | D:7      | Reached XP level 10. HP: 52/69 MP: 10/10
  7286 | D:7      | Found a white marble altar of Elyvilon.
  7539 | D:7      | Noticed Pikel
  7556 | D:7      | Killed Pikel
  7906 | D:8      | Noticed a cyclops
  7917 | D:8      | Killed a cyclops
  7961 | D:8      | Reached skill level 11 in Unarmed Combat
  7980 | D:8      | Reached *** piety under Wu Jian
  7985 | D:8      | Found a staircase to the Lair.
  8515 | D:8      | Found a hazy altar of Hepliaklqana.
  9003 | D:8      | Found a bloodstained altar of Trog.
  9003 | D:8      | Found a faded altar of an unknown god.
  9009 | D:8      | Found a faded altar of an unknown god.
  9011 | D:8      | Found a basalt altar of Yredelemnul.
  9013 | D:8      | Found a shadowy altar of Dithmenos.
  9064 | D:8      | Found an ancient bone altar of Kikubaaqudgha.
  9245 | D:9      | Reached skill level 12 in Unarmed Combat
  9245 | D:9      | Reached XP level 11. HP: 57/77 MP: 11/11
  9678 | D:9      | Found a snail-covered altar of Cheibriados.
  9922 | D:9      | Noticed a two-headed ogre
  9938 | D:9      | Killed a two-headed ogre
 10351 | D:9      | Found the +10 morningstar "Eos" {elec, Halo rElec}
 10360 | D:9      | HP: 1/78 [troll (13)]
 10360 | D:9      | Slain by a troll

Illustrated notes

Levels and vault maps discovered:
D:1:      lemuel_arrival_rhombus, layout_basic, hangedman_decor_riveting
D:2:      layout_basic, serial_shops, nicolae_shop_rolling_square,
          minmay_misc_feat_four_crosses, uniq_sigmund, uniq_jessica,
          uniq_natasha
D:3:      layout_basic, hellmonk_ecumenical_altar_inner_sanctum, uniq_ijyb,
          uniq_crazy_yiuf_cottage, uniq_grinder
D:4:      layout_basic, uniq_duvessa
D:5:      layout_basic, lemuel_doored_altar, nicolae_ru_sacrificial_ziggurat,
          lemuel_crystal_altar, minmay_temple_entry_drinking_statues,
          minmay_misc_feat_rugged
D:6:      layout_loops_ring, serial_undead, serial_undead_f, serial_undead_f,
          serial_undead_d, serial_undead_b, serial_undead_a, serial_undead_d,
          serial_undead_a, serial_shops, nicolae_shop_just_a_little_nook,
          nicolae_ossuary_entry_ruins, gammafunk_ghost_hive
D:7:      layout_gridville, nicolae_elyvilon_peaceful_grove,
          supply_closet_lemuel, nicolae_hexahallways,
          kennysheep_generic_room_13, uniq_pikel, uniq_menkaure
D:8:      layout_gridville, kennysheep_mini, mainiacjoe_overflow_paths,
          chequers_temple_overflow_minitemple, due_lair_maze_entry_diamond
D:9:      layout_basic, overflow_temple_1_default, minmay_misc_feat_nine_boxes,
          small_chamber_with_monster, kennysheep_decorative_pillar,
          minmay_microvault
Temple:   bh_familiar_temple

Skill      XL: |  1  2  3  4  5  6  7  8  9 10 |
---------------+-------------------------------+-----
Fighting       | 2 3 4 5 6 8 |  8.7
Unarmed Combat | 4 5 6 8 10 12 | 12.5
Shapeshifting  | 4 5 7 8 |  8.5
Dodging        | |  2.0

Action                     |  1- 3 |  4- 6 |  7- 9 | 10-12 || total
---------------------------+-------+-------+-------+-------++-------
  Melee: Unarmed           |    60 |    35 |   340 |   201 ||   636
         Constrict         |    12 |     8 |    76 |    41 ||   137
         Tentacles         |    11 |     9 |    87 |    54 ||   161
         Punch             |     1 |       |    22 |    14 ||    37
  Throw: Dart              |       |       |       |     2 ||     2
Ability: Lunge             |       |       |    22 |    20 ||    42
         Whirlwind         |       |       |     4 |    28 ||    32
  Evoke: Wand              |       |     2 |     2 |       ||     4
    Use: Potion            |       |     1 |     3 |       ||     4
         Scroll            |       |       |     5 |       ||     5
   Stab: Sleeping          |    10 |     3 |    14 |       ||    27
         Distracted        |       |       |     1 |       ||     1
 Armour: Skin              |    21 |     8 |   107 |    56 ||   192
  Dodge: Dodged            |    38 |    21 |   195 |    76 ||   330
  Block: Other             |       |       |    55 |    23 ||    78
         Reflection        |       |       |     1 |       ||     1

Table legend: (Time is in decaauts)
 A = Elapsed time spent in this place.
 B = Non-inter-level travel time spent in this place.
 C = Inter-level travel time spent in this place.
 D = Time resting spent in this place.
 E = Time spent auto-exploring this place.
 F = Levels seen in this place.
 G = Mean time per level.
                   A        B        C        D        E       F      G
               +--------+--------+--------+--------+--------+-----+--------+
         Total |  10272 |  10011 |    261 |    388 |   8185 |  11 |  933.8 |
       Dungeon |   9706 |   9506 |    200 |    388 |   7800 |   9 | 1078.4 |
        Temple |     63 |      2 |     61 |      0 |      0 |   1 |   63.0 |
       Ossuary |    502 |    502 |      0 |      0 |    385 |   1 |  502.0 |
               +--------+--------+--------+--------+--------+-----+--------+

Top non-repeatable levels by time:
     D:4: 1606 daAuts
     D:8: 1310 daAuts
     D:9: 1172 daAuts
     D:2: 1079 daAuts
     D:3: 1030 daAuts
     D:7: 1003 daAuts
     D:5: 874 daAuts
     D:6: 869 daAuts
     D:1: 758 daAuts
 Ossuary: 502 daAuts
  Temple: 63 daAuts
